 Dungeon Crawl Stone Soup version 0.31.0-32-g396128a36d (webtiles) character file.

Game seed: 7628160581502572237

5792 monsoonserge the Grappler (level 10, -3/115 HPs)
             Began as a Gnoll Shapeshifter on Mar 11, 2024.
             Was an Initiate of Gozag.
             Slain by a wolf (8 damage)
             ... in a bailey.
             The game lasted 00:38:31 (8582 turns).

monsoonserge the Grappler (Gnoll Shapeshifter)      Turns: 8582, Time: 00:38:32

Health: -3/115     AC: 11    Str: 15    XL:     10   Next: 79%
Magic:  18/18      EV: 11    Int:  9    God:    Gozag
Gold:   2171       SH: 10    Dex: 18    Spells: 20/20 levels left

rFire   . . .        R - +5 short sword (freeze)
rCold   + . .        D - +0 kite shield
rNeg    . . .        K - +4 scale mail of the Ecumenical Temple {rC+ Will+ Str-3}
rPois   .            (helmet currently unavailable)
rElec   .            n - melded +0 cloak
rCorr   .            (gloves currently unavailable)
SInv    .            C - melded +2 pair of boots
Will    +....        (no amulet) Stlth
                     u - +6 ring of dexterity
HPRegen 0.39/turn    p - +4 ring of slaying
MPRegen 0.16/turn

%: no passive effects
@: berserking, beast-form, weakened, gold aura, very quick
A: beast (slay +4), fangs 1, strong nose, distributed training
a: Begin Untransformation, Renounce Religion, Potion Petition, Call Merchant,
Bribe Branch


You were in a bailey.
You worshipped Gozag.
Gozag was most pleased with you.
You were a hulking beast.
You visited 2 branches of the dungeon, and saw 9 of its levels.
You also visited: Sewer and Bailey.

You collected 2599 gold pieces.
You spent 428 gold pieces at shops.

Inventory:

Hand Weapons
 N - a +4 falchion of freezing
 Q - a +7 hand axe
 R - a +5 short sword of freezing (weapon)
Missiles
 r - 9 throwing nets
 I - 12 poisoned darts (quivered)
 O - 3 javelins
 P - 6 boomerangs
Armour
 h - a +2 leather armour of cold resistance
 n - a +0 cloak (melded)
 C - a +2 pair of boots (melded)
 D - a +0 kite shield (worn)
 K - the +4 scale mail of the Ecumenical Temple (worn) {rC+ Will+ Str-3}
   (You found it on level 6 of the Dungeon)

   Str-3:     It affects your strength (-3).
   rC+:       It protects you from cold.
   Will+:     It increases your willpower.
Jewellery
 g - a ring of fire
 o - a +5 ring of evasion
 p - a +4 ring of slaying (right hand)
 u - a +6 ring of dexterity (left hand)
Talismans
 c - a beast talisman (active)
 d - a flux talisman
Wands
 f - a wand of digging (7)
 F - a wand of iceblast (13)
 G - a wand of flame (29)
 M - a wand of light (4)
Scrolls
 k - 3 scrolls of immolation
 l - a scroll of poison {unknown}
 q - 3 scrolls of fog
 s - a scroll of enchant weapon
 y - 2 scrolls of fear
 A - a scroll of enchant armour
 B - 5 scrolls of blinking {unknown}
 E - 2 scrolls of teleportation
 J - a scroll of vulnerability
 L - a scroll of noise
Potions
 a - a potion of haste
 b - a potion of invisibility
 e - 3 potions of enlightenment
 i - 5 potions of curing
 j - a potion of berserk rage
 t - a potion of attraction
 v - a potion of cancellation {unknown}
 w - 7 potions of heal wounds {unknown}
 x - a potion of brilliance {unknown}
 z - a potion of degeneration {unknown}
 H - 2 potions of might


   Skills:
 + Level 6.4 Fighting
 + Level 5.8 Short Blades
 + Level 5.8 Long Blades
 + Level 5.8 Axes
 + Level 5.8 Maces & Flails
 + Level 5.8 Polearms
 + Level 5.8 Staves
 + Level 5.8 Ranged Weapons
 + Level 5.8 Throwing
 + Level 5.8 Armour
 + Level 7.5 Dodging
 + Level 5.8 Stealth
 + Level 5.8 Shields
 + Level 8.9 Unarmed Combat
 + Level 5.8 Spellcasting
 + Level 4.8 Conjurations
 + Level 4.8 Hexes
 + Level 4.8 Summonings
 + Level 4.8 Necromancy
 + Level 4.8 Translocations
 + Level 4.8 Fire Magic
 + Level 4.8 Ice Magic
 + Level 4.8 Air Magic
 + Level 4.8 Earth Magic
 + Level 4.8 Alchemy
 + Level 6.4 Invocations
 + Level 5.8 Evocations
 + Level 8.5 Shapeshifting


You had 20 spell levels left.
You didn't know any spells.
Your spell library contained the following spells:

 Spells                   Type           Power      Damage    Failure   Level
 Ensorcelled Hibernation  Hex/Ice        22%        N/A       41%         2
 Lesser Beckoning         Tloc           22%        N/A       41%         2
 Gell's Gravitas          Tloc           11%        N/A       65%         3
 Hailstorm                Conj/Ice       11%        3d6       65%         3
 Passwall                 Erth           11%        N/A       65%         3
 Summon Ice Beast         Ice/Summ       11%        N/A       65%         3
 Swiftness                Air            11%        N/A       65%         3
 Teleport Other           Tloc           11%        N/A       65%         3
 Sculpt Simulacrum        Ice/Alch       5%         N/A       100%        6


Dungeon Overview and Level Annotations

Branches:
Dungeon (8/15)             Temple (1/1) D:6           Sewer (visited)
 Bailey (1/1)
   Lair: D:8-11

Altars:
Ashenzari
Cheibriados
Dithmenos
Elyvilon
Fedhas
Gozag
Hepliaklqana
Kikubaaqudgha
Makhleb
Nemelex Xobeh
Okawaru
Qazlal
Ru
Sif Muna
Trog
Uskayaw
Vehumet
Wu Jian
Xom
Yredelemnul
The Shining One

Shops:
D:2 (   D:3 ![*=

Annotations:
D:4 3 runed translucent doors, seawaffle's ghost, amateur DsFi


Innate Abilities, Weirdness & Mutations

You are a hulking beast.
Your limbs bulge with bestial killing power. (Slay +4)
You have very sharp teeth.
Your uncanny sense of smell can sniff out nearby items.
Your experience applies equally to all skills.


Message History

The wolf is heavily wounded.
The wolf bites you. You block the gnoll sergeant's attack.
The wolf closely misses you.
You closely miss the wolf.
The wolf is heavily wounded.
You block the gnoll sergeant's attack. The wolf bites you.
You block the wolf's attack.
You puncture the wolf! You freeze the wolf.
The wolf is almost dead.
You block the wolf's attack. The wolf closely misses you.
The gnoll sergeant hits you from afar with a +0 halberd!
You block the gnoll sergeant's attack. The wolf barely misses you.
You hit the wolf. You freeze the wolf.
You kill the wolf!
You block the wolf's attack. You block the gnoll sergeant's attack.
The gnoll sergeant hits you from afar with a +0 glaive!
* * * LOW HITPOINT WARNING * * *
You block the wolf's attack.
Unknown command.
Okay, then.
A red film seems to cover your vision as you go berserk!
You feel yourself moving faster!
You feel mighty! The wolf bites you.
* * * LOW HITPOINT WARNING * * *
The gnoll sergeant hits you from afar with a +0 glaive!
* * * LOW HITPOINT WARNING * * *
The gnoll sergeant hits you from afar with a +0 halberd.
* * * LOW HITPOINT WARNING * * *
The gnoll sergeant barely misses you.
You hit the wolf. You freeze the wolf.
The wolf is moderately wounded.
The wolf closely misses you. You block the gnoll sergeant's attack.
The gnoll sergeant hits you from afar with a +0 halberd.
* * * LOW HITPOINT WARNING * * *
You block the gnoll sergeant's attack.
Unknown command.
You hit the wolf. You freeze the wolf.
The wolf is heavily wounded.
The wolf bites you!
You die...
Your body crumbles into a pile of gold.

♣♣♣♣♣♣♣♣♣♣♣♣♣♣♣♣♣♣♣
♣♣≈≈≈≈≈≈≈≈≈≈≈≈≈≈≈≈≈♣♣
♣≈≈...............≈≈♣
♣≈.................≈♣
♣≈..#####...#####..≈♣
♣≈.##..)#..$#g$(##.≈♣
♣≈##...)'..hhg...##≈♣
♣≈#....)#))$#gg...#≈♣
♣≈#8....##'##....8#≈♣
♣≈#....##...##....#≈♣
♣≈#...##..)..##...#≈♣
♣≈#...#.......#...#≈♣
♣≈###'#...8...#...#≈♣
♣≈#)))#.......#...#≈♣
♣≈#..)##..)..##...#≈♣


You could see 3 gnoll sergeants, a wolf and a gnoll bouda.

Vanquished Creatures
  3 yaks (D:4)
  2 wyverns
  A steam dragon (D:8)
  Menkaure (D:4)
  A water moccasin (D:7)
  2 ogres (D:6)
  2 ice beasts
  2 orc warriors (D:8)
  A black bear (D:6)
  A sky beast (D:7)
  The ghost of RatsInWalls the Insei, an amateur DsSh (D:3)
  3 centaurs
  6 wolves (Bailey)
  2 phantoms
  3 kobold brigands
  Blork the orc (D:4)
  3 bullfrogs
  4 scorpions
  4 gnoll sergeants (Bailey)
  8 wights
  A bullfrog zombie (D:3)
  5 orc priests
  8 hounds
  2 jellies
  A bullfrog skeleton (D:3)
  7 gnoll boudas
  2 sleepcaps
  Jessica (D:3)
  4 orc wizards
  Ijyb (D:3)
  6 iguanas
  26 gnolls
  14 adders
  7 river rats
  2 shadow imps
  2 white imps
  2 ribbon worms
  16 orcs
  15 ball pythons
  2 bats
  8 endoplasms
  A giant cockroach (D:1)
  8 goblins
  5 hobgoblins
  4 jackals (D:3)
  3 quokkas
  5 frilled lizards
  50 kobolds
  18 rats
277 creatures vanquished.

Notes
Turn   | Place    | Note
-------+----------+-------------------------------------------
     0 | D:1      | monsoonserge the Gnoll Shapeshifter began the quest for the
                  | Orb.
     0 | D:1      | Reached XP level 1. HP: 17/17 MP: 1/1
    16 | D:1      | Noticed a minotaur skeleton
   126 | D:1      | Reached XP level 2. HP: 16/23 MP: 2/2
   848 | D:2      | Found Kothrup's Antique Weapon Shoppe.
  1017 | D:2      | Reached XP level 3. HP: 28/28 MP: 3/3
  1079 | D:2      | Found a faded altar of an unknown god.
  1082 | D:2      | Prayed at the altar of an unknown god.
  1082 | D:2      | Became a worshipper of Gozag Ym Sagoz the Greedy
  1424 | D:3      | Found Hammeguc's Assorted Antiques.
  1428 | D:3      | Bought a scroll labelled GATUEGRAMM for 21 gold pieces
  1428 | D:3      | Bought a smoky clear potion for 18 gold pieces
  1428 | D:3      | Bought a viscous black potion for 18 gold pieces
  1441 | D:3      | Reached skill level 1 in Invocations
  1551 | D:3      | Reached skill level 1 in Short Blades
  1551 | D:3      | Reached skill level 1 in Long Blades
  1551 | D:3      | Reached skill level 1 in Axes
  1551 | D:3      | Reached skill level 1 in Maces & Flails
  1551 | D:3      | Reached skill level 1 in Polearms
  1551 | D:3      | Reached skill level 1 in Staves
  1551 | D:3      | Reached skill level 1 in Ranged Weapons
  1551 | D:3      | Reached skill level 1 in Throwing
  1551 | D:3      | Reached skill level 1 in Armour
  1551 | D:3      | Reached skill level 1 in Stealth
  1551 | D:3      | Reached skill level 1 in Shields
  1551 | D:3      | Reached skill level 1 in Spellcasting
  1551 | D:3      | Reached skill level 1 in Evocations
  1584 | D:3      | Found a glowing drain.
  1611 | Sewer    | Entered a sewer
  1639 | Sewer    | Reached XP level 4. HP: 32/34 MP: 5/5
  1699 | Sewer    | Reached skill level 1 in Conjurations
  1699 | Sewer    | Reached skill level 1 in Hexes
  1699 | Sewer    | Reached skill level 1 in Summonings
  1699 | Sewer    | Reached skill level 1 in Necromancy
  1699 | Sewer    | Reached skill level 1 in Translocations
  1699 | Sewer    | Reached skill level 1 in Fire Magic
  1699 | Sewer    | Reached skill level 1 in Ice Magic
  1699 | Sewer    | Reached skill level 1 in Air Magic
  1699 | Sewer    | Reached skill level 1 in Earth Magic
  1699 | Sewer    | Reached skill level 1 in Alchemy
  1768 | Sewer    | Reached XP level 5. HP: 40/40 MP: 5/7
  1928 | Sewer    | Reached XP level 6. HP: 29/47 MP: 8/8
  1935 | Sewer    | Reached skill level 5 in Dodging
  2120 | D:3      | Bought 3 scrolls labelled POL URYIHU for 63 gold pieces
  2160 | D:3      | Noticed Jessica
  2165 | D:3      | Killed Jessica
  2289 | D:3      | Found Osianteu's Distillery.
  2295 | D:3      | Found Olucvuaz's Armour Boutique.
  2327 | D:3      | Found a transporter.
  2347 | D:3      | Noticed RatsInWalls's ghost (amateur DsSh)
  2550 | D:3      | Noticed Ijyb
  2559 | D:3      | Killed Ijyb
  2626 | D:3      | Found Qesices's Jewellery Boutique.
  2821 | D:3      | Bought a potion of might for 56 gold pieces
  2821 | D:3      | Bought a potion of curing for 42 gold pieces
  2821 | D:3      | Bought a potion of berserk rage for 70 gold pieces
  2907 | D:4      | Noticed Blork the orc
  2918 | D:4      | Killed Blork the orc
  2919 | D:4      | Reached XP level 7. HP: 30/52 MP: 10/10
  3029 | D:3      | Bought a potion of haste for 140 gold pieces
  3339 | D:4      | Noticed a wyvern
  3345 | D:4      | Killed a wyvern
  3515 | D:4      | Found a runed translucent gate.
  3516 | D:4      | Found a runed translucent gate.
  3516 | D:4      | Identified the +0 plate armour "Plog" {rPois rF++ rCorr
                  | Stlth+}
  3516 | D:4      | Noticed seawaffle's ghost (amateur DsFi)
  3517 | D:4      | Found a runed translucent gate.
  3517 | D:4      | Identified the +1 leather armour "Vommum" {rF+ rC- rN+
                  | Str+5}
  3570 | D:4      | You fall into a shaft and drop 2 floors!
  3664 | D:6      | Reached XP level 8. HP: 55/60 MP: 12/12
  3778 | D:5      | Entered Level 5 of the Dungeon
  3849 | D:4      | Noticed Menkaure
  3859 | D:4      | Killed Menkaure
  4704 | D:5      | Noticed a yak
  4816 | D:6      | Identified the +4 scale mail of the Ecumenical Temple {rC+
                  | Will+ Str-3}
  4855 | D:6      | Found a staircase to the Ecumenical Temple.
  4864 | Temple   | Entered the Ecumenical Temple
  4984 | D:5      | Noticed a yak
  5122 | D:6      | Reached XP level 9. HP: 66/66 MP: 14/14
  5392 | D:7      | Reached skill level 5 in Fighting
  6410 | D:3      | Found a transporter.
  6414 | D:3      | Reached skill level 5 in Invocations
  6419 | D:3      | Killed RatsInWalls's ghost
  6935 | D:7      | Reached skill level 5 in Short Blades
  6935 | D:7      | Reached skill level 5 in Long Blades
  6935 | D:7      | Reached skill level 5 in Axes
  6935 | D:7      | Reached skill level 5 in Maces & Flails
  6935 | D:7      | Reached skill level 5 in Polearms
  6935 | D:7      | Reached skill level 5 in Staves
  6935 | D:7      | Reached skill level 5 in Ranged Weapons
  6935 | D:7      | Reached skill level 5 in Throwing
  6935 | D:7      | Reached skill level 5 in Armour
  6935 | D:7      | Reached skill level 5 in Stealth
  6935 | D:7      | Reached skill level 5 in Shields
  6935 | D:7      | Reached skill level 5 in Spellcasting
  6935 | D:7      | Reached skill level 5 in Evocations
  6935 | D:7      | Reached XP level 10. HP: 76/76 MP: 17/17
  7949 | D:8      | Found a flagged portal.
  7981 | Bailey   | Entered a bailey
  8581 | Bailey   | HP: 4/115 [gnoll sergeant/+0 halberd (5)]
  8582 | Bailey   | Slain by a wolf

Illustrated notes

Levels and vault maps discovered:
D:1:      shiori_arrival_whats_in_store_for_you, layout_basic,
          kennysheep_nondescript
D:2:      layout_rooms, shapermc_ecumenical_altar_mp_vishouse, serial_shops,
          shop, kennysheep_nub, minmay_misc_feat_doors
D:3:      layout_loops_corners, gammafunk_ghost_mausoleum,
          cheibrodos_sewer_entry_sluice, serial_shops, nicolae_shop_trees,
          nicolae_shop_just_a_little_nook, nicolae_shop_hallway_stairs,
          nicolae_shop_peninsula, uniq_ijyb, uniq_jessica
D:4:      layout_loops_corners, biasface_ghost_orc_armoury, uniq_menkaure,
          uniq_blork_the_orc
D:5:      minmay_goblin_kobold_castle, layout_loops_ring, fountainhead
D:6:      layout_rooms, temple_hall
D:7:      minmay_general_purpose_star, layout_basic
D:8:      due_megacathedral, layout_rooms, zin_treasury, enter_bailey_5
Temple:   mainiacjoe_temple_trianglar_array
Bailey:   bailey_polearm_gnolls_kennysheep, bailey

Skill      XL: |  1  2  3  4  5  6  7  8  9 10 |
---------------+-------------------------------+-----
Invocations    | 1 2 3 4 5 6 |  6.4
Short Blades   | 1 2 3 5 |  5.8
Long Blades    | 1 2 3 5 |  5.8
Axes           | 1 2 3 5 |  5.8
Maces & Flails | 1 2 3 5 |  5.8
Polearms       | 1 2 3 5 |  5.8
Staves         | 1 2 3 5 |  5.8
Ranged Weapons | 1 2 3 5 |  5.8
Throwing       | 1 2 3 5 |  5.8
Armour         | 1 2 3 5 |  5.8
Stealth        | 1 2 3 5 |  5.8
Shields        | 1 2 3 5 |  5.8
Spellcasting   | 1 2 3 5 |  5.8
Evocations     | 1 2 3 5 |  5.8
Conjurations   | 1 2 3 4 |  4.8
Hexes          | 1 2 3 4 |  4.8
Summonings     | 1 2 3 4 |  4.8
Necromancy     | 1 2 3 4 |  4.8
Translocations | 1 2 3 4 |  4.8
Fire Magic     | 1 2 3 4 |  4.8
Ice Magic      | 1 2 3 4 |  4.8
Air Magic      | 1 2 3 4 |  4.8
Earth Magic    | 1 2 3 4 |  4.8
Alchemy        | 1 2 3 4 |  4.8
Fighting       | 3 4 5 6 |  6.4
Dodging        | 5 6 7 |  7.5
Unarmed Combat | 7 8 |  8.9
Shapeshifting  | 7 8 |  8.5

Action                     |  1- 3 |  4- 6 |  7- 9 | 10-12 || total
---------------------------+-------+-------+-------+-------++-------
  Melee: Unarmed           |    61 |   103 |   330 |    13 ||   507
         Bite              |     3 |     6 |    45 |    24 ||    78
         Punch             |     1 |       |       |       ||     1
         Falchion          |       |       |       |    84 ||    84
         Short sword       |       |       |       |    77 ||    77
  Throw: Dart              |       |     6 |     8 |    20 ||    34
         Javelin           |       |       |       |     2 ||     2
  Evoke: Wand              |       |       |       |     3 ||     3
    Use: Potion            |       |     1 |       |     1 ||     2
         Scroll            |       |       |     7 |     4 ||    11
   Stab: Sleeping          |     1 |       |       |       ||     1
         Distracted        |       |       |     1 |     1 ||     2
 Armour: Animal skin       |     4 |       |       |       ||     4
         Ring mail         |    14 |    36 |       |       ||    50
         Skin              |       |    53 |    27 |       ||    80
         Scale mail        |       |       |    67 |    99 ||   166
  Dodge: Dodged            |    36 |    82 |   211 |    84 ||   413
  Block: Kite shield       |       |     1 |    78 |   113 ||   192
   Form: Flux              |     1 |     1 |     3 |     1 ||     6
         Beast             |     1 |     1 |     3 |     1 ||     6
